 Dungeon Crawl Stone Soup version 0.31-a0-161-gb58dd9be76 (webtiles) character file.

Game seed: 14734169649813205427

106 qw the Chopper (level 4, 0/28 HPs)
             Began as a Gargoyle Fighter on June 12, 2023.
             Slain by a hobgoblin (4 damage)
             ... on level 3 of the Dungeon.
             The game lasted 00:00:46 (2087 turns).

qw the Chopper (Gargoyle Fighter)                   Turns: 2087, Time: 00:00:46

Health: 0/28       AC: 11    Str: 21    XL:     4   Next: 84%
Magic:  4/4        EV:  5    Int:  9    God:
Gold:   60         SH:  4    Dex:  9    Spells: 3/3 levels left

rFire   . . .        Y - +0 war axe
rCold   . . .        c - +0 buckler
rNeg    + . .        h - +0 plate armour
rPois   inf          (no helmet)
rElec   +            (no cloak)
rCorr   .            (no gloves)
SInv    .            (no boots)
Will    .....        (no amulet) Stlth
                     (no ring)
HPRegen 0.24/turn    (no ring)
MPRegen 0.09/turn

%: no passive effects
@: corroded
A: sickness immunity, AC +3, negative energy resistance 1, electricity
resistance, torment resistance 1, petrification resistance
a: no special abilities


You were on level 3 of the Dungeon.
You visited 1 branch of the dungeon, and saw 3 of its levels.

You collected 60 gold pieces.


Innate Abilities, Weirdness & Mutations

You are immune to sickness and miasma.
Your stone body is resilient. (AC +3)
You are immune to poison.
You resist negative energy. (rN+)
You are resistant to electric shocks. (rElec)
You are resistant to unholy torment.
You are immune to petrification.


   Skills:
 - Level 3.2 Fighting
 + Level 4.4 Axes
 - Level 3.2 Armour
 - Level 3.2 Shields


You had 3 spell levels left.
You didn't know any spells.
Your spell library was empty.

Inventory:

Hand Weapons
 m - a +0 flail
 Y - a +0 war axe (weapon)
Armour
 c - a +0 buckler (worn)
 h - a +0 plate armour (worn)
Scrolls
 a - a scroll of identify
Potions
 d - a potion of might
 l - a potion of invisibility {unknown}

Dungeon Overview and Level Annotations

Branches:
Dungeon (3/15)

Altars:

Annotations:
D:3 Ijyb


Message History

Ijyb hits you but does no damage.
You hit Ijyb.
Ijyb is moderately wounded.
Ijyb screams, "Me stronger than you!"
Ijyb zaps a wand.
The bolt of acid hits you! The acid corrodes you!
2079 ||| DRINKING potion of heal wounds.
You feel much better. Ijyb hits you but does no damage.
An orc comes into view. It is wielding a +0 morningstar.
The orc shouts!
You slash Ijyb!
Ijyb is severely wounded.
You hear a shout!
Ijyb hits you but does no damage. x2
You closely miss Ijyb.
Ijyb is severely wounded.
Ijyb zaps a wand.
The bolt of acid hits you!
You hit Ijyb.
Ijyb is severely wounded.
Ijyb hits you with a +2 dagger of venom.
You hit Ijyb but do no damage.
Ijyb is severely wounded.
Ijyb screams, "Me very upset!"
Ijyb zaps a wand.
The bolt of acid hits you but does no damage.
You closely miss Ijyb.
Ijyb is severely wounded.
Ijyb barely misses you.
Ijyb hits you with a +2 dagger of venom.
A hobgoblin comes into view.
You hit Ijyb but do no damage.
Ijyb is severely wounded.
You hit Ijyb but do no damage.
Ijyb is severely wounded.
Ijyb hits you with a +2 dagger of venom.
You closely miss Ijyb.
Ijyb is severely wounded.
You closely miss the hobgoblin.
Ijyb zaps a wand.
The bolt of acid hits you! The hobgoblin hits you.
You die...

....... ....<..
####.$.....
..........
#######.........
..................
#...#####o)?......
.?......#g###....o
.......)g@## ##.
...........#
........!#..$.....
.####....##.#####.
#...... .#
#....... .#
#.!.....#..
........##.
##..... ..


You could see Ijyb, an orc and a hobgoblin.

Vanquished Creatures
  An orc wizard (D:3)
  5 adders
  A dart slug (D:2)
  2 orcs (D:3)
  4 endoplasms
  A giant cockroach (D:1)
  3 goblins
  2 hobgoblins (D:1)
  3 quokkas
  2 ball pythons (D:1)
  2 bats (D:1)
  2 frilled lizards
  3 kobolds
  2 rats
33 creatures vanquished.

Notes
Turn   | Place    | Note
-------+----------+-------------------------------------------
     0 | D:1      | qw the Gargoyle Fighter began the quest for the Orb.
     0 | D:1      | Reached XP level 1. HP: 14/14 MP: 1/1
     0 | D:1      | 0 ||| qw: Version: 0.2-a-29-gc1b59c4
     0 | D:1      | 0 ||| qw: Game counter: 4204
     0 | D:1      | 0 ||| qw: Always use a shield: true
     0 | D:1      | 0 ||| qw: God list: Okawaru
     0 | D:1      | 0 ||| qw: Allow faded altars: false
     0 | D:1      | 0 ||| qw: Do Orc after D:15 true
     0 | D:1      | 0 ||| qw: Do second Lair branch before Depths: true
     0 | D:1      | 0 ||| qw: Lair rune preference: random
     0 | D:1      | 0 ||| qw: Plans: Normal, Zot:1-4, Slime:5, God:TSO, Crypt,
                  | Tomb, Abyss, Pan, Hells, Win
     0 | D:1      | 0 ||| PLANNING D:1-11
   127 | D:1      | Reached skill level 2 in Axes
   349 | D:1      | Reached XP level 2. HP: 19/19 MP: 2/2
  1027 | D:1      | 1027 ||| DROPPING +0 club.
  1111 | D:1      | 1111 ||| UPGRADING to +0 plate armour.
  1121 | D:1      | 1121 ||| DROPPING +0 scale mail.
  1122 | D:1      | 1122 ||| READING 2 scrolls labelled INKUXK BOGY.
  1338 | D:2      | Reached skill level 3 in Axes
  1372 | D:2      | Reached XP level 3. HP: 21/23 MP: 3/3
  1482 | D:2      | 1482 ||| DROPPING +0 whip.
  1557 | D:2      | 1557 ||| Stepping ~*~*~tactically~*~*~ (hiding).
  1877 | D:2      | 1877 ||| Stepping ~*~*~tactically~*~*~ (stealth).
  1889 | D:2      | Reached XP level 4. HP: 26/28 MP: 4/4
  1998 | D:2      | 1998 ||| READING 3 scrolls labelled POOBUAT ESTUOPS.
  1999 | D:2      | 1999 ||| READING scroll labelled SOUMEJU LUTI.
  2000 | D:2      | 2000 ||| READING scroll labelled GUGRIYC BAUTOX.
  2001 | D:2      | 2001 ||| READING scroll labelled NUDOIR UCUUTWA.
  2002 | D:2      | 2002 ||| READING scroll labelled LOLAEGROTE.
  2003 | D:2      | 2003 ||| READING scroll labelled IHEXAK IKYJ.
  2004 | D:2      | 2004 ||| DRINKING 2 brown potions.
  2005 | D:2      | 2005 ||| READING 3 scrolls of identify.
  2005 | D:2      | 2005 ||| IDENTIFYING orange potion
  2006 | D:2      | 2006 ||| READING 2 scrolls of identify.
  2006 | D:2      | 2006 ||| IDENTIFYING dark potion
  2007 | D:2      | 2007 ||| DROPPING 2 scrolls of vulnerability.
  2008 | D:2      | 2008 ||| DROPPING potion of degeneration.
  2034 | D:3      | Reached skill level 4 in Axes
  2036 | D:3      | 2036 ||| Stepping ~*~*~tactically~*~*~ (hiding).
  2038 | D:3      | 2038 ||| Stepping ~*~*~tactically~*~*~ (hiding).
  2040 | D:3      | 2040 ||| Stepping ~*~*~tactically~*~*~ (hiding).
  2048 | D:3      | 2048 ||| DRINKING potion of curing.
  2048 | D:3      | 2048 ||| (to cure confusion)
  2062 | D:3      | Noticed Ijyb
  2063 | D:3      | 2063 ||| Stepping ~*~*~tactically~*~*~ (hiding).
  2064 | D:3      | 2064 ||| Stepping ~*~*~tactically~*~*~ (hiding).
  2066 | D:3      | 2066 ||| Stepping ~*~*~tactically~*~*~ (hiding).
  2078 | D:3      | HP: 2/28 [Ijyb/bolt of acid (8)]
  2079 | D:3      | 2079 ||| DRINKING potion of heal wounds.
  2087 | D:3      | HP: 4/28 [Ijyb/bolt of acid (10)]
  2087 | D:3      | Slain by a hobgoblin

Levels and vault maps discovered:
D:1:      elethiomel_arrival_maze, layout_basic, serial_co_window_serial,
          co_window_cross_1, co_window_paths_b, co_window_paths_b,
          co_window_cross_1, co_window_paths_a, co_window_cross_1,
          co_window_corner_a, co_window_corner_cb, co_window_of_opportunity_c,
          co_window_broadway_c, co_window_of_opportunity_b,
          co_window_unsneaky_path_a, glass_columns_b
D:2:      layout_basic, chequers_serial_rivers_large_b, minmay_tetromino_s4
D:3:      layout_rooms, grunt_temple_overflow_open, serial_shops,
          nicolae_shop_behind_doors, nicolae_shop_unique_rings, uniq_ijyb

Skill      XL: |  1  2  3  4 |
---------------+-------------+-----
Axes           | 2 3 4 |  4.4
Fighting       | |  3.2
Armour         | |  3.2
Shields        | |  3.2

Action                     |  1- 3 |  4- 6 || total
---------------------------+-------+-------++-------
  Melee: War axe           |    74 |    36 ||   110
    Use: Scroll            |     1 |     8 ||     9
         Potion            |       |     3 ||     3
 Armour: Scale mail        |    13 |       ||    13
         Plate armour      |    33 |    18 ||    51
  Dodge: Dodged            |    26 |     6 ||    32
  Block: Buckler           |    15 |     5 ||    20

Table legend:
 A = Non-vault XP
 B = Vault XP
 C = Vault XP percentage of total XP
 D = Non-vault monster count
 E = Vault monster count
 F = Vault count percentage of total count
                 A         B        C        D         E       F
            +---------+---------+-------+---------+---------+-------
      Total |     150 |       2 |   1.3 |      32 |       1 |   3.0
            +---------+---------+-------+---------+---------+-------
        D:1 |      25 |       0 |   0.0 |      16 |       0 |   0.0
        D:2 |      67 |       2 |   2.9 |      10 |       1 |   9.1
        D:3 |      58 |       0 |   0.0 |       6 |       0 |   0.0
            +---------+---------+-------+---------+---------+-------
